 Dungeon Crawl Stone Soup version 0.25-a0-651-g8c222c7a2b (console) character file.

Game seed: 18115909368332316346, levelgen mode: classic

733558 Duffy the Archmage (level 27, -19/177 HPs)
             Began as a Deep Elf Fire Elementalist on Mar 22, 2020.
             Was the Champion of Sif Muna.
             Killed by dispel undead
             ... invoked by a Tzitzimitl
              (58 damage)
             ... on level 24 of a ziggurat.
             The game lasted 02:59:09 (104486 turns).

Duffy the Archmage (Deep Elf Fire Elementalist)   Turns: 104486, Time: 02:59:10

Health: -19/177    AC: 29    Str: 10    XL:     27
Magic:  4/66       EV: 25    Int: 45    God:    Sif Muna [******]
Gold:   3273       SH: 18    Dex: 15    Spells: 25/80 levels left

rFire    + . .     SeeInvis +   a - staff of conjuration {!a}
rCold    + + .     Gourm    .   V - +5 kite shield of Mysticism {rF+ rC+ Str-2 Int+2}
rNeg     + + +     Faith    +   e - +2 robe {Archmagi}
rPois    ∞         Spirit   .   U - +3 hat of Pondering {ponderous, MR+ MP+10 Int+5}
rElec    +         Reflect  .   g - scarf {cloud immunity}
rCorr    .         Harm     .   u - +1 pair of gloves of the Armadillo {Str+5}
MR       ++++.                  R - +3 pair of boots of Ilarowk {*Slow rPois Str+2 Stlth+}
Stlth    ++........             t - amulet of faith
HPRegen  0.39/turn              B - ring of Robustness {AC+8}
MPRegen  0.40/turn              S - ring of Egalitarianism {*Drain rElec Int+4 SInv Stlth-}

@: lich-form, slow
A: no striking features
}: 3/15 runes: serpentine, barnacled, slimy
a: End Transformation, Channel Magic, Forget Spell, Divine Exegesis, Renounce
Religion


You were on level 24 of a ziggurat.
You worshipped Sif Muna.
Sif Muna was exalted by your worship.
You were not hungry.
You were a lich.
You visited 11 branches of the dungeon, and saw 52 of its levels.
You visited 1 bazaar.
You visited 1 ziggurat, and saw 24 of its levels.
You also visited: Trove, Gauntlet, Ice Cave and Desolation.

You collected 9655 gold pieces.
You spent 6382 gold pieces at shops.

Inventory:

Hand Weapons
 G - a +1 dagger of distortion
 K - the +7 sceptre of Torment {pain, torment}
   (You found it on level 23 of a ziggurat)

   In the hands of one skilled in necromantic magic, it inflicts extra damage on
   living creatures.
Missiles
 d - 6 throwing nets (quivered)
Armour
 e - a +2 robe of the Archmagi (worn)
 g - a scarf of cloud immunity (worn)
 j - the +6 tower shield of Katuutal {rElec}
   (You took it off a daeva on level 22 of a ziggurat)

   It insulates you from electricity.
 u - the +1 pair of gloves of the Armadillo (worn) {Str+5}
   (You found it in a treasure trove)

   It affects your strength (+5).
 F - a +2 cloak of invisibility
 N - the +18 shield of the Gong {rElec rN+ MR+ EV-5}
   (You found it on level 15 of a ziggurat)

   It affects your evasion (-5).
   It insulates you from electricity.
   It protects you from negative energy.
   It affects your resistance to hostile enchantments.
 R - the +3 pair of boots of Ilarowk (worn) {*Slow rPois Str+2 Stlth+}
   (You found it in a Gauntlet)

   It affects your strength (+2).
   It protects you from poison.
   It may slow you when you take damage.
   It makes you more stealthy.
 U - the +3 hat of Pondering (worn) {ponderous, MR+ MP+10 Int+5}
   (You found it on level 3 of the Elven Halls)

   It affects your intelligence (+5).
   It affects your resistance to hostile enchantments.
   It affects your magic capacity (+10).
 V - the +5 kite shield of Mysticism (worn) {rF+ rC+ Str-2 Int+2}
   (You found it in a Gauntlet)

   It affects your strength (-2).
   It affects your intelligence (+2).
   It protects you from fire.
   It protects you from cold.
Magical Staves
 a - an uncursed staff of conjuration (weapon) {!a}
 b - an uncursed staff of earth {!a}
Jewellery
 h - an uncursed ring of protection from cold
 t - an amulet of faith (around neck)
 B - the ring of Robustness (left hand) {AC+8}
   (You bought it in a shop on level 3 of the Elven Halls)

   [ring of protection]

   It affects your AC (+8).
 I - the ring "Isanoale" {rElec MR+ MP+9 SInv}
   (You found it on level 18 of a ziggurat)

   [ring of see invisible]

   It insulates you from electricity.
   It affects your resistance to hostile enchantments.
   It affects your magic capacity (+9).
   It lets you see invisible.
 J - the ring "Josesch" {rElec rCorr}
   (You found it on level 23 of a ziggurat)

   [ring of resist corrosion]

   It insulates you from electricity.
   It provides partial protection from all sources of acid and corrosion.
 Q - the amulet of Vitality {Regen+ HP+15}
   (You found it on level 18 of a ziggurat)

   [amulet of regeneration]

   It affects your health (+15).
   It increases your rate of regeneration.
 S - the ring of Egalitarianism (right hand) {*Drain rElec Int+4 SInv Stlth-}
   (You found it in a Gauntlet)

   [ring of attention]

   It affects your intelligence (+4).
   It insulates you from electricity.
   It lets you see invisible.
   It causes draining when unequipped.
   It makes you less stealthy.
 X - the ring "Utijon" {+Blink rF+++ rN+ Str+5 Dex-3}
   (You found it in the Desolation of Salt)

   [ring of positive energy]

   It affects your strength (+5).
   It affects your dexterity (-3).
   It renders you almost immune to fire.
   It protects you from negative energy.
   It lets you blink.
 Y - the ring "Moysajut" {MP+9 Int+8 Dex-3 Stlth-}
   (You found it on level 17 of a ziggurat)

   [ring of attention]

   It affects your intelligence (+8).
   It affects your dexterity (-3).
   It affects your magic capacity (+9).
   It makes you less stealthy.
Wands
 s - a wand of digging (20)
 W - a wand of acid (18)
 Z - a wand of iceblast (22)
Scrolls
 i - 10 scrolls of blinking
 k - 12 scrolls of fear
 m - 8 scrolls of identify
 n - 36 scrolls of teleportation
 o - 3 scrolls of summoning
 p - 10 scrolls of immolation
 q - 7 scrolls of enchant armour
 r - 36 scrolls of remove curse
 A - 3 scrolls of magic mapping
 O - 18 scrolls of fog
Potions
 l - 4 potions of invisibility
 v - 9 potions of haste
 w - 7 potions of mutation
 x - 18 potions of heal wounds
 y - 2 potions of resistance
 z - 3 potions of magic
 C - 9 potions of cancellation
 D - 3 potions of ambrosia
 E - 7 potions of flight
 H - 17 potions of curing
 L - 4 potions of brilliance
Miscellaneous
 f - 3 sacks of spiders
 M - 3 tins of tremorstones
 P - 3 boxes of beasts
 T - 3 phantom mirrors
Comestibles
 c - 40 rations


   Skills:
 + Level 19.3 Fighting
 - Level 12.0 Armour
 - Level 18.0 Dodging
 - Level 2.4 Stealth
 - Level 15.0 Shields
 O Level 27 Spellcasting
 - Level 21.0 Conjurations
 - Level 7.0 Charms
 - Level 14.0 Translocations
 - Level 21.0 Fire Magic
 - Level 7.0 Air Magic
 - Level 21.0 Earth Magic
 - Level 18.0 Invocations
 - Level 6.0 Evocations


You had 25 spell levels left.
You knew the following spells:

 Your Spells              Type           Power        Failure   Level  Hunger
c - Controlled Blink      Tloc           N/A          4%          8    N/A
g - Shatter               Erth           #########.   4%          9    N/A
h - Starburst             Conj/Fire      #########.   0%          6    N/A
i - Ignition              Fire           #########.   1%          8    N/A
j - Lehudib's Crystal Sp  Conj/Erth      #########.   1%          8    N/A
l - Fire Storm            Conj/Fire      #########.   4%          9    N/A
m - Deflect Missiles      Chrm/Air       ########..   1%          6    N/A
t - Summon Butterflies    Summ           ######..     1%          1    N/A

Your spell library contained the following spells:

 Spells                   Type           Power        Failure   Level  Hunger
 Apportation              Tloc           ######       0%          1    N/A
 Foxfire                  Conj/Fire      ####         0%          1    N/A
 Infusion                 Chrm           ####         0%          1    N/A
 Magic Dart               Conj           ####         0%          1    N/A
 Sandblast                Erth           ######       0%          1    N/A
 Shock                    Conj/Air       ####         0%          1    N/A
 Blink                    Tloc           N/A          0%          2    N/A
 Passwall                 Tmut/Erth      ########     0%          2    N/A
 Searing Ray              Conj           ######       0%          2    N/A
 Shroud of Golubria       Chrm/Tloc      ######       0%          2    N/A
 Conjure Flame            Conj/Fire      ########     0%          3    N/A
 Dazzling Flash           Conj/Hex       ######       0%          3    N/A
 Gell's Gravitas          Tloc           ########..   0%          3    N/A
 Inner Flame              Hex/Fire       ########     0%          3    N/A
 Lesser Beckoning         Tloc           ########..   0%          3    N/A
 Mephitic Cloud           Conj/Pois/Air  ########     0%          3    N/A
 Static Discharge         Conj/Air       ########     0%          3    N/A
 Stone Arrow              Conj/Erth      ######       0%          3    N/A
 Teleport Other           Tloc           ########     0%          3    N/A
 Iskenderun's Mystic Bla  Conj/Tloc      ########     0%          4    N/A
 Passage of Golubria      Tloc           N/A          0%          4    N/A
 Sticky Flame             Conj/Fire      ########     0%          4    N/A
 Bolt of Magma            Conj/Fire/Erth #########.   0%          5    N/A
 Fireball                 Conj/Fire      #########.   0%          5    N/A
 Lee's Rapid Deconstruct  Erth           #########.   0%          5    N/A
 Iron Shot                Conj/Erth      #########.   0%          6    N/A
 Animate Skeleton         Necr           N/A          1%          1    N/A
 Beastly Appendage        Tmut           ######       1%          1    N/A
 Corona                   Hex            ######.      1%          1    N/A
 Freeze                   Ice            ####         1%          1    N/A
 Pain                     Necr           ####         1%          1    N/A
 Sting                    Tmut/Pois      ####         1%          1    N/A
 Summon Small Mammal      Summ           ####         1%          1    N/A
 Call Imp                 Summ           ######..     1%          2    N/A
 Corpse Rot               Necr/Air       N/A          1%          2    N/A
 Ensorcelled Hibernation  Hex/Ice        ######       1%          2    N/A
 Poisonous Vapours        Pois/Air       ######       1%          2    N/A
 Slow                     Hex            ######..     1%          2    N/A
 Song of Slaying          Chrm           ########     1%          2    N/A
 Sticks to Snakes         Tmut           ######..     1%          2    N/A
 Sublimation of Blood     Necr           #######...   1%          2    N/A
 Swiftness                Chrm/Air       ########     1%          2    N/A
 Call Canine Familiar     Summ           ######..     1%          3    N/A
 Confusing Touch          Hex            ######..     1%          3    N/A
 Frozen Ramparts          Ice            ######       1%          3    N/A
 Ignite Poison            Fire/Tmut/Pois ########     1%          3    N/A
 Ozocubu's Armour         Chrm/Ice       #######.     1%          3    N/A
 Portal Projectile        Hex/Tloc       ######       1%          3    N/A
 Recall                   Summ/Tloc      N/A          1%          3    N/A
 Spectral Weapon          Hex/Chrm       #######.     1%          3    N/A
 Spider Form              Tmut/Pois      ######....   1%          3    N/A
 Summon Guardian Golem    Hex/Summ       ######..     1%          3    N/A
 Tukima's Dance           Hex            ######..     1%          3    N/A
 Vampiric Draining        Necr           #######...   1%          3    N/A
 Airstrike                Air            ########..   1%          4    N/A
 Fulminant Prism          Conj/Hex       ########..   1%          4    N/A
 Hailstorm                Conj/Ice       ########     1%          4    N/A
 Leda's Liquefaction      Hex/Erth       ########..   1%          4    N/A
 Petrify                  Tmut/Erth      ########     1%          4    N/A
 Summon Lightning Spire   Summ/Air       #######.     1%          4    N/A
 Borgnjor's Vile Clutch   Necr/Erth      ########..   1%          5    N/A
 Excruciating Wounds      Chrm/Necr      ########..   1%          5    N/A
 Irradiate                Conj/Tmut      ########..   1%          5    N/A
 Iskenderun's Battlesphe  Conj/Chrm      ########     1%          5    N/A
 Lightning Bolt           Conj/Air       #########.   1%          5    N/A
 Silence                  Hex/Air        #######...   1%          5    N/A
 Summon Forest            Summ/Tloc      ########..   1%          5    N/A
 Conjure Ball Lightning   Conj/Air       #########.   1%          6    N/A
 Dispersal                Tloc           ########..   1%          6    N/A
 Freezing Cloud           Conj/Ice/Air   ########..   1%          6    N/A
 Statue Form              Tmut/Erth      ########.    1%          6    N/A
 Orb of Destruction       Conj           #########.   1%          7    N/A
 Ring of Flames           Chrm/Fire      ########..   1%          7    N/A
 Animate Dead             Necr           N/A          2%          4    N/A
 Cause Fear               Hex            ######....   2%          4    N/A
 Dispel Undead            Necr           #######.     2%          4    N/A
 Ice Form                 Ice/Tmut       ######..     2%          4    N/A
 Olgreb's Toxic Radiance  Pois           ######..     2%          4    N/A
 Summon Ice Beast         Ice/Summ       ######..     2%          4    N/A
 Spellforged Servitor     Conj/Summ      ########..   2%          7    N/A
 Chain Lightning          Conj/Air       #########.   4%          8    N/A
 Disjunction              Tloc           ########..   4%          8    N/A
 Agony                    Necr           #######.     6%          5    N/A
 Alistair's Intoxication  Tmut/Pois      ######..     6%          5    N/A
 Aura of Abjuration       Summ           ######....   6%          5    N/A
 Blade Hands              Tmut           ######....   6%          5    N/A
 Metabolic Englaciation   Hex/Ice        ######....   6%          5    N/A
 Summon Demon             Summ           ######....   6%          5    N/A
 Summon Mana Viper        Hex/Summ       ######..     6%          5    N/A
 Yara's Violent Unravell  Hex/Tmut       ######....   6%          5    N/A
 Malign Gateway           Summ/Tloc      ########..   11%         7    N/A
 Darkness                 Hex            ######....   32%         6    N/A
 Death Channel            Necr           #######...   32%         6    N/A
 Eringya's Noxious Bog    Tmut/Pois      ######....   32%         6    N/A
 Hydra Form               Tmut           ######....   32%         6    N/A
 Invisibility             Hex            ######..     32%         6    N/A
 Ozocubu's Refrigeration  Ice            ######....   32%         6    N/A
 Shadow Creatures         Summ           N/A          32%         6    N/A
 Simulacrum               Ice/Necr       #######...   32%         6    N/A
 Dragon Form              Tmut           ######....   88%         7    N/A
 Haunt                    Necr/Summ      #######...   88%         7    N/A
 Monstrous Menagerie      Summ           ######....   88%         7    N/A
 Summon Greater Demon     Summ           ######....   88%         7    N/A
 Summon Hydra             Summ           ######....   88%         7    N/A
 Glaciate                 Conj/Ice       ########..   96%         9    N/A
 Death's Door             Chrm/Necr      ########..   98%         8    N/A
 Borgnjor's Revivificati  Necr           #######...   100%        8    N/A
 Discord                  Hex            ######....   100%        8    N/A
 Infestation              Necr           #######...   100%        8    N/A
 Necromutation            Tmut/Necr      #######...   100%        8    N/A
 Summon Horrible Things   Summ           ######....   100%        8    N/A
 Dragon's Call            Summ           ######....   100%        9    N/A
 Tornado                  Air            ########..   100%        9    N/A

Dungeon Overview and Level Annotations

Branches:
Dungeon (15/15)            Temple (1/1) D:6            Lair (6/6) D:11
 Shoals (4/4) Lair:3        Snake (4/4) Lair:3        Slime (5/5) Lair:6
    Orc (2/2) D:9             Elf (3/3) Orc:2        Vaults (4/5) D:13
  Crypt (3/3) Vaults:3       Tomb (0/3) Crypt:3      Depths (5/5) D:15
    Zot (0/5) Depths:5      IceCv (visited)         Desolation (visited)
Gauntlet (visited)

Altars:
Ashenzari
Cheibriados
Dithmenos
Elyvilon
Fedhas
Gozag
Hepliaklqana
Kikubaaqudgha
Makhleb
Nemelex Xobeh
Okawaru
Qazlal
Ru
Sif Muna
Trog
Uskayaw
Vehumet
Wu Jian
Xom
Yredelemnul
Zin
The Shining One
Beogh
Jiyva

Shops:
D:12 *}*}*   Orc:1 :   Orc:2 =*?%   Elf:3 }=}   Shoals:3 *   Shoals:4 *
Snake:1 [=!:   Snake:2 (:=(   Vaults:1 *   Vaults:2 %

Portals:
Hell: Depths:1 Depths:2 Depths:3 Depths:4 Depths:5
Abyss: Depths:2 Depths:4 Depths:5
Pandemonium: Depths:3 Depths:5

Annotations:
Elf:2 3 runed translucent doors, exclusion: 4 doors
Depths:2 2 transporters
Zig:24 exclusion: ice statue


Message History

The dungeon rumbles!
The Tzitzimitl is severely wounded.
The Tzitzimitl is heavily wounded.
You kill the soul eater!
Sif Muna accepts your kill.
The Brimstone Fiend is heavily wounded.
You kill the monstrous black sun!
Sif Muna accepts your kill.
The Ice Fiend is heavily wounded.
The balrug is lightly wounded.
You kill the infernal black sun!
Sif Muna accepts your kill.
You kill the hell beast!
Sif Muna accepts your kill.
You kill the green death!
Sif Muna accepts your kill.
You hear a roar! x2; You hear a shout!
The Tzitzimitl gestures at you.
You convulse!
You die...

#############
............#
............#
............#
............#
..2...00L...#
.)....000...#############
..0.0.000...............#
8[1.11...0..............#
..[.....................#
...1....................#
........................#
..).....................#
....................\#


You could see 2 Tzitzimimeh, a Brimstone Fiend, an Ice Fiend and a balrug.

Vanquished Creatures
  the Royal Jelly (Slime:5)
  Mara (Crypt:2)
  9 ancient liches
  4 juggernauts
  Sojobo (Depths:5)
  A Killer Klown (Zig:2)
  Vashnia (Snake:4)
  Saint Roka (Snake:4)
  15 golden dragons
  Jory (Vaults:3)
  3 pearl dragons (Zig:22)
  3 bone dragons
  2 Tzitzimimeh
  2 pandemonium lords
  2 profane servitors
  3 Brimstone Fiends
  3 tentacled monstrosities
  7 liches
  The ghost of astraldaughter the Brawler, an adept TrFi of Okawaru (Shoals:3)
  7 Hell Sentinels
  Rupert (Orc:2)
  Jorgrun (D:12)
  4 Ice Fiends
  Asterion (Elf:1)
  6 titans
  6 deep elf blademasters
  2 deep elf master archers (Elf:3)
  30 acid blobs
  Gastronok (D:10)
  7 sphinxes
  3 Executioners
  4 tengu reavers
  8 tentacled starspawn
  Polyphemus (Shoals:3)
  A draconian monk (Zig:1)
  A revenant (Crypt:3)
  Kirke (Elf:1)
  3 ancient champions
  A shadow dragon (Depths:3)
  Donald (Crypt:2)
  8 nagarajas
  11 daevas
  14 fire giants
  A storm dragon (Depths:4)
  20 azure jellies
  16 vault wardens
  2 iron dragons (Depths:4)
  Ilsuiw (Shoals:2)
  An imperial myrmidon (Desolation)
  12 deep elf sorcerers
  A draconian knight (Depths:5)
  8 frost giants
  3 juggernaut zombies
  2 balrugs
  2 caustic shrike zombies (Zig:21)
  4 orc warlords
  Aizul (Shoals:3)
  3 deep elf elementalists
  2 warmongers
  6 corrupters
  A draconian stormcaller (Depths:5)
  8 angels
  12 reapers
  18 ironheart preservers
  2 curse skulls
  A juggernaut skeleton (Zig:13)
  3 ghouls
  A caustic shrike skeleton (Zig:13)
  38 very ugly things
  5 war gargoyles
  2 spriggan defenders (Depths:3)
  10 ophanim (Zig:22)
  3 apis (Zig:22)
  A black draconian (Zig:20)
  An entropy weaver (Zig:23)
  21 stone giants
  31 starcursed masses
  7 vampire knights
  A blood saint (Zig:24)
  4 lorocyprocas
  Nessos (Lair:6)
  2 yellow draconians (Depths:5)
  A spectral titan (Crypt:3)
  A purple draconian (Depths:4)
  8 deep elf demonologists
  A minotaur (Gauntlet)
  4 black suns
  2 dire elephants
  2 halazid warlocks (Desolation)
  2 red draconians (Depths:5)
  A spark wasp (Depths:4)
  8 deep elf annihilators
  4 merfolk javelineers
  A white draconian (Depths:5)
  An ettin (shapeshifter) (Depths:5)
  A green death (Zig:24)
  4 eidola
  7 blizzard demons
  8 deep elf death magi
  10 merfolk impalers
  9 crystal guardians
  7 ettins
  24 jiangshi
  A quicksilver dragon zombie (Zig:21)
  13 fire dragons
  Josephine (D:12)
  18 yaktaur captains
  14 great orbs of eyes
  A ragged hierophant (Desolation)
  17 death oozes
  2 pearl dragon zombies (Crypt:2)
  8 deep elf high priests
  An ice dragon (shapeshifter) (Zig:14)
  The ghost of Howlingfantods the Protected, a journeyman MiFi of Okawaru (Orc:1)
  3 catoblepae
  2 quicksilver dragon skeletons
  8 servants of whispers (Desolation)
  A monstrous demonspawn (Zig:24)
  13 ice dragons
  2 spriggan air magi
  7 vault guards
  5 rakshasas
  12 peacekeepers (Desolation)
  12 naga warriors
  6 merfolk avatars
  6 hell beasts
  8 hydras
  3 alligator snapping turtles (Shoals:4)
  A merfolk aquamancer (Shoals:4)
  5 centaur warriors
  Erica (Orc:1)
  3 satyrs (Shoals:4)
  14 ogre magi
  21 dancing weapons
  12 death knights
  4 anacondas
  11 deep troll shamans
  2 death yaks (Shoals:3)
  15 deep troll earth magi
  9 tengu warriors
  21 two-headed ogres
  5 hell hogs
  3 titan zombies
  3 sun demons (Depths:4)
  8 thrashing horrors
  8 orc high priests
  17 naga sharpshooters
  5 vampire magi
  3 spriggan berserkers
  10 shock serpents
  18 deep elf knights
  A storm dragon zombie (Zig:21)
  A titan skeleton (Depths:1)
  15 hell knights
  4 sixfirhies
  7 wretched stars
  36 skeletal warriors
  5 soul eaters
  4 shadow wraiths
  A fire crab (Gauntlet)
  12 salamander mystics
  An iron troll (Depths:4)
  3 golden dragon zombies
  5 spatial maelstroms
  13 cherubim (Zig:22)
  3 unseen horrors
  12 sea snakes
  35 deep trolls
  10 wizards
  4 shadow demons
  2 glowing orange brains (shapeshifter)
  12 flayed ghosts
  16 deep elf archers
  2 glowing orange brains
  12 naga ritualists
  An infernal demonspawn (Depths:3)
  A shadow dragon zombie (Zig:21)
  An anaconda skeleton (Crypt:2)
  19 phantasmal warriors
  Pikel (D:8)
  A lindwurm (shapeshifter) (Zig:23)
  23 ironbrand convokers
  3 obsidian statues
  An orange crystal statue (Zig:17)
  9 necromancers
  16 orc knights
  2 iron dragon zombies
  2 orb spiders (shapeshifter)
  15 mana vipers
  A harpy (shapeshifter) (Elf:1)
  8 wolf spiders
  62 deep elf magi
  13 harpies
  A shining eye (shapeshifter) (Depths:3)
  A faun (shapeshifter) (Zig:8)
  A mana viper (shapeshifter) (Zig:3)
  An orb spider (Zig:18)
  9 cyclopes
  16 manticores
  11 fauns
  6 shining eyes
  A moth of wrath (Zig:15)
  40 ugly things
  A shadow dragon skeleton (Zig:5)
  13 orc sorcerers
  A moth of wrath (shapeshifter) (Zig:14)
  14 salamanders
  A cyclops (shapeshifter) (Zig:8)
  2 fire giant zombies
  2 frost giant zombies (Depths:2)
  A salamander (shapeshifter) (Vaults:1)
  A tengu skeleton (Zig:12)
  16 merfolk sirens
  49 black mambas
  3 apocalypse crabs
  2 worldbinders
  2 iron dragon skeletons
  15 vault sentinels
  2 fire giant skeletons (Zig:12)
  3 frost giant skeletons
  4 water nymphs (Shoals:4)
  15 elephants
  4 apis skeletons (Crypt:2)
  19 naga magi
  6 guardian serpents
  7 rust devils
  7 smoke demons
  A black mamba (shapeshifter) (Vaults:4)
  An eye of devastation (shapeshifter) (Zig:23)
  2 white draconian zombies (Crypt:1)
  6 ice statues
  Maggie (Lair:1)
  A guardian serpent (shapeshifter) (D:15)
  3 gargoyles
  A torpor snail (shapeshifter) (Zig:23)
  3 eyes of devastation
  2 molten gargoyles (Desolation)
  7 hellions
  2 spriggan skeletons
  A spiny frog (shapeshifter) (Depths:3)
  3 orange demons
  A torpor snail (Lair:6)
  2 kobold demonologists
  7 rime drakes
  11 komodo dragons
  18 spiny frogs
  82 yaktaurs
  A centaur skeleton (D:14)
  22 freezing wraiths
  An efreet (Zig:17)
  10 ice devils
  7 tormentors
  A demonic crawler (Zig:24)
  2 hellwings
  A komodo dragon (shapeshifter) (Vaults:4)
  A grey draconian skeleton (Crypt:1)
  A polar bear (shapeshifter) (Zig:23)
  3 meliai (Gauntlet)
  3 queen bees (shapeshifter)
  12 trolls
  5 tengu conjurers
  3 red devils
  7 hornets
  A tengu simulacrum (Vaults:3)
  A troll (shapeshifter) (Depths:4)
  9 ancient zymes
  A yaktaur skeleton (Depths:1)
  7 wind drakes
  14 merfolk
  10 polar bears
  41 saltlings (Desolation)
  83 slime creatures
  A deep troll zombie (Depths:1)
  7 snapping turtles
  4 hippogriffs (shapeshifter)
  A spectral orc (Orc:1)
  8 elf zombies
  A spriggan zombie (Depths:1)
  9 dream sheep
  5 raiju
  17 hippogriffs
  3 air elementals
  2 deep troll skeletons (Depths:1)
  5 spriggans
  2 fire giant simulacra
  A spriggan (shapeshifter) (Zig:8)
  60 flying skulls
  25 wraiths
  6 ynoxinuls
  2 hogs (Elf:1)
  A tarantella (shapeshifter) (D:14)
  15 water elementals
  34 yaks
  A fire bat (shapeshifter) (Depths:4)
  3 wyverns
  5 shadows
  19 humans
  A human (shapeshifter) (Vaults:2)
  A fire bat (Gauntlet)
  3 basilisks
  A vampire (Zig:17)
  10 chaos spawn
  4 fire elementals
  A golden eye (Slime:5)
  3 vampire mosquitoes (D:14)
  8 neqoxecs
  2 steam dragons (D:5)
  A hungry ghost (D:14)
  8 wargs
  35 large abominations
  A human zombie (Zig:10)
  4 elf skeletons
  56 nagas
  2 acid dragons
  A torturous demonspawn zombie (Crypt:2)
  14 water moccasins
  5 hell hounds
  A human skeleton (Zig:13)
  A two-headed ogre skeleton (Crypt:1)
  A hornet zombie (D:14)
  8 porcupines
  4 slaves (D:8)
  19 ice beasts
  A spectral troll (Orc:1)
  10 eyes of draining
  5 sky beasts
  2 black bears
  3 phantoms
  A sky beast (shapeshifter) (Vaults:3)
  6 boggarts
  53 orc warriors
  An ogre (shapeshifter) (Depths:3)
  13 crocodiles
  7 necrophages
  37 ogres
  A blink frog skeleton (Crypt:1)
  15 centaurs
  13 small abominations
  A crocodile (shapeshifter) (Depths:4)
  A hog skeleton (Crypt:2)
  Blork the orc (D:6)
  18 bullfrogs
  A deep troll simulacrum (Vaults:3)
  A wyvern zombie (D:12)
  A hippogriff zombie (Crypt:1)
  7 earth elementals
  A cyclops skeleton (Crypt:2)
  2 wyvern skeletons
  A warg zombie (Crypt:1)
  A scorpion (D:13)
  16 killer bees
  2 wights
  A snapping turtle simulacrum (Crypt:3)
  2 human simulacra
  6 electric eels
  2 howler monkeys (D:5)
  13 crimson imps
  4 hounds
  2 jellies (D:14)
  2 quasits
  22 orc priests
  A gnoll shaman (D:4)
  26 orc wizards
  A warg simulacrum (Orc:1)
  An iguana (D:12)
  10 iron imps
  Jessica (D:2)
  2 bullfrog skeletons
  Terence (D:2)
  An iguana (shapeshifter) (Depths:2)
  12 worker ants
  A troll simulacrum (Orc:1)
  A deep dwarf skeleton (Crypt:2)
  A mummy (Zig:21)
  Robin (D:3)
  12 gnolls
  8 adders
  6 shadow imps
  19 white imps
  2 ufetubi (Depths:3)
  An adder skeleton (D:9)
  A halfling skeleton (Crypt:2)
  A lava snake skeleton (Crypt:1)
  2 worms (D:2)
  A dart slug (D:2)
  6 leopard geckos
  103 orcs
  2 orc simulacra (Orc:1)
  6 giant cockroaches
  18 goblins
  9 hobgoblins
  16 jackals
  3 kobolds
  5 quokkas
  2 ball pythons (D:2)
  7 bats
  3 frilled lizards
  A frilled lizard zombie (Crypt:2)
  A gnoll skeleton (Crypt:2)
  8 rats
  A butterfly (Lair:2)
  2 crawling corpses (Elf:3)
  21 fire vortices
  2 fungi (Lair:6)
  5 plants
  3 starspawn tentacles
3031 creatures vanquished.

Vanquished Creatures (collateral kills)
  A titan (Zig:23)
  A daeva (Zig:22)
  2 angels (Zig:22)
  A ghoul (Crypt:3)
  An ophan (Zig:22)
  2 apis (Zig:22)
  A shadow dragon zombie (Zig:21)
  An iron dragon zombie (Zig:21)
  A sphinx zombie (Zig:21)
  A large abomination (Zig:20)
  A sphinx skeleton (Zig:12)
  An ancient zyme (Zig:20)
  A slime creature (Zig:19)
  A ynoxinul (Zig:16)
  A small abomination (Zig:20)
  A water elemental (Zig:20)
  A golden eye (Zig:20)
  A chaos spawn (Zig:20)
  An orc warrior (Zig:15)
  An eye of draining (Zig:17)
  An ogre (Zig:15)
  An elf simulacrum (Zig:17)
  7 starcursed masses
  A mummy (Zig:12)
32 creatures vanquished.

Vanquished Creatures (others)
  A naga mage (Snake:2)
  2 humans (Elf:1)
  A crimson imp (Depths:4)
  338 fire vortices
  889 foxfires
  29 fungi
  4 pillars of salt (Vaults:2)
  65 plants
  7 starspawn tentacles
  10 toadstools (Lair:1)
1346 creatures vanquished.

Grand Total: 4409 creatures vanquished

Notes
Turn   | Place    | Note
-------+----------+-------------------------------------------
     0 | D:1      | Duffy the Deep Elf Fire Elementalist began the quest for
                  | the Orb.
     0 | D:1      | Reached XP level 1. HP: 10/10 MP: 6/6
   120 | D:1      | Reached XP level 2. HP: 15/15 MP: 2/8
   896 | D:2      | Noticed Jessica
   902 | D:2      | Killed Jessica
   902 | D:2      | Reached XP level 3. HP: 19/19 MP: 4/9
  1034 | D:2      | Found a blossoming altar of Fedhas.
  1308 | D:2      | Found a faded altar of an unknown god.
  1411 | D:2      | Reached XP level 4. HP: 24/24 MP: 7/10
  1442 | D:2      | Learned a level 4 spell: Sticky Flame
  2170 | D:3      | Noticed Robin
  2423 | D:3      | Reached XP level 5. HP: 24/28 MP: 6/12
  2546 | D:3      | Noticed Terence
  2558 | D:2      | Killed Terence
  2558 | D:2      | Reached skill level 4 in Spellcasting
  2847 | D:3      | Killed Robin
  3695 | D:3      | Learned a level 5 spell: Fireball
  3977 | D:3      | Reached skill level 5 in Conjurations
  3977 | D:3      | Reached XP level 6. HP: 32/32 MP: 7/15
  4575 | D:4      | Reached skill level 5 in Spellcasting
  5160 | D:4      | Got a translucent whip
  5161 | D:4      | Identified the +5 whip of Judgement {freeze, Dex+4} (You
                  | found it on level 4 of the Dungeon)
  5223 | D:5      | Entered Level 5 of the Dungeon
  5231 | D:4      | Reached skill level 5 in Fire Magic
  5435 | D:5      | Found a sacrificial altar of Ru.
  5680 | D:5      | Reached XP level 7. HP: 36/36 MP: 10/17
  5750 | D:5      | Noticed a steam dragon
  5760 | D:5      | Killed a steam dragon
  5760 | D:5      | Reached skill level 6 in Spellcasting
  6120 | D:5      | Reached skill level 7 in Spellcasting
  6654 | D:5      | Reached XP level 8. HP: 41/41 MP: 14/20
  6836 | D:5      | Found an ornate altar of the Wu Jian Council.
  7228 | D:6      | Got a warped chain mail
  7332 | D:6      | Noticed an unseen horror
  7340 | D:6      | Killed an unseen horror
  7340 | D:6      | Reached skill level 8 in Spellcasting
  7624 | D:6      | Found a sparkling altar of Nemelex Xobeh.
  7671 | D:6      | Found a hazy altar of Hepliaklqana.
  7731 | D:6      | Reached skill level 9 in Spellcasting
  7731 | D:6      | Reached XP level 9. HP: 45/45 MP: 11/24
  7931 | D:6      | Reached skill level 1 in Fighting
  8047 | D:6      | Noticed Blork the orc
  8052 | D:6      | Killed Blork the orc
  8324 | D:6      | Found a staircase to the Ecumenical Temple.
  8364 | D:6      | Found a stormy altar of Qazlal.
  8384 | Temple   | Entered the Ecumenical Temple
  8584 | Temple   | Became a worshipper of Sif Muna the Loreminder
  9281 | D:7      | Found a basalt altar of Yredelemnul.
  9289 | D:7      | Reached skill level 5 in Fighting
 10077 | D:7      | Found a snail-covered altar of Cheibriados.
 10273 | D:8      | Noticed Pikel
 10276 | D:8      | Killed Pikel
 10655 | D:8      | Reached XP level 10. HP: 65/67 MP: 14/25
 10797 | D:8      | Found a shadowy altar of Dithmenos.
 11058 | D:8      | Found a glowing golden altar of the Shining One.
 11304 | D:8      | Reached skill level 10 in Fighting
 11625 | D:9      | Found a staircase to the Orcish Mines.
 11658 | D:9      | Reached skill level 1 in Armour
 11873 | D:9      | Reached * piety under Sif Muna
 12224 | D:10     | Entered Level 10 of the Dungeon
 12792 | D:10     | Reached skill level 5 in Dodging
 13275 | D:10     | Noticed an unseen horror
 13278 | D:10     | Killed an unseen horror
 13611 | D:10     | Reached skill level 1 in Invocations
 13611 | D:10     | Reached skill level 1 in Evocations
 13687 | D:10     | Noticed Gastronok
 14011 | D:11     | Found a staircase to the Lair.
 14070 | D:11     | Reached ** piety under Sif Muna
 14089 | D:11     | Found a gate leading to a gauntlet.
 14118 | Gauntlet | Entered a Gauntlet
 14118 | Gauntlet | Found a transporter.
 14126 | Gauntlet | Found a transporter.
 14127 | Gauntlet | Noticed a worldbinder
 14128 | Gauntlet | Found a transporter.
 14135 | Gauntlet | Found a transporter.
 14150 | Gauntlet | Found a transporter.
 14152 | Gauntlet | Found a large runed translucent door.
 14153 | Gauntlet | Found a large runed translucent door.
 14154 | Gauntlet | Found a large runed translucent door.
 14154 | Gauntlet | Found a large runed translucent door.
 14154 | Gauntlet | Found a runed translucent door.
 14155 | Gauntlet | Found a transporter.
 14156 | Gauntlet | Found a runed translucent door.
 14157 | Gauntlet | Found a large runed translucent door.
 14157 | Gauntlet | Found a large runed translucent door.
 14158 | Gauntlet | Found a large runed translucent door.
 14159 | Gauntlet | Found a large runed translucent door.
 14165 | Gauntlet | Found a large runed translucent door.
 14165 | Gauntlet | Found a large runed translucent door.
 14166 | Gauntlet | Found a large runed translucent door.
 14166 | Gauntlet | Found a large runed translucent door.
 14167 | Gauntlet | Found a large runed translucent door.
 14167 | Gauntlet | Found a large runed translucent door.
 14168 | Gauntlet | Found a runed translucent gate.
 14168 | Gauntlet | Found a runed translucent gate.
 14168 | Gauntlet | Found a runed translucent gate.
 14169 | Gauntlet | Noticed an obsidian statue
 14170 | Gauntlet | Found a transporter.
 14180 | Gauntlet | Found a large runed translucent door.
 14181 | Gauntlet | Found a large runed translucent door.
 14186 | Gauntlet | Noticed a death yak
 14187 | Gauntlet | Noticed a death yak
 14188 | Gauntlet | Noticed a death yak
 14189 | Gauntlet | Found a transporter.
 14189 | Gauntlet | Noticed a necromancer
 14201 | Gauntlet | Found a transporter.
 14211 | Gauntlet | Noticed a fire crab
 14213 | Gauntlet | Found a transporter.
 14225 | Gauntlet | Found a transporter.
 14237 | Gauntlet | Found a transporter.
 14254 | Gauntlet | Found a transporter.
 14272 | Gauntlet | Found a transporter.
 14274 | Gauntlet | Found a transporter.
 14275 | Gauntlet | Noticed a fire crab
 14301 | Gauntlet | Found a transporter.
 14379 | Gauntlet | Found a transporter.
 14399 | Gauntlet | Found a transporter.
 14595 | Gauntlet | Killed a worldbinder
 14733 | Gauntlet | Got a faintly glowing robe
 14796 | Gauntlet | Reached XP level 11. HP: 72/72 MP: 20/26
 14809 | Gauntlet | Killed a fire crab
 15248 | Gauntlet | Reached skill level 10 in Spellcasting
 15264 | Gauntlet | HP: 3/72 [poisoned by a meliai]
 15269 | Gauntlet | HP: 1/72 [poisoned by a meliai]
 15274 | Gauntlet | HP: 2/72 [poisoned by a meliai]
 15281 | Gauntlet | HP: 3/72 [poisoned by a meliai]
 15414 | Gauntlet | Got a pair of twisted boots
 15416 | Gauntlet | Got a translucent lead ring
 15418 | Gauntlet | Identified the +3 pair of boots of Ilarowk {*Slow rPois
                  | Str+2 Stlth+} (You found it in a Gauntlet)
 15420 | Gauntlet | Identified the ring of Egalitarianism {*Drain rElec Int+4
                  | SInv Stlth-} (You found it in a Gauntlet)
 15440 | Gauntlet | Identified the +3 bardiche of the Lamprey {speed, Int+2
                  | Dex+6 SInv}
 15440 | Gauntlet | Noticed a minotaur
 15452 | Gauntlet | Killed a minotaur
 15452 | Gauntlet | Reached skill level 5 in Evocations
 15574 | Gauntlet | Identified the cursed +0 robe "Udees" {rC+ rCorr} (You
                  | found it in a Gauntlet)
 15581 | Gauntlet | Identified Feobly's Volume of Ensnaring Conjuration
 15598 | Gauntlet | Got a twisted kite shield
 15600 | Gauntlet | Identified the Reference Book on Creative Stones
 15946 | D:10     | Learned a level 3 spell: Stone Arrow
 16255 | D:10     | Reached skill level 1 in Earth Magic
 16639 | D:11     | Found a stormy altar of Qazlal.
 16731 | D:11     | Reached skill level 5 in Invocations
 17391 | Lair:1   | Entered Level 1 of the Lair of Beasts
 17408 | Lair:1   | Noticed Maggie
 17868 | Lair:1   | Killed Maggie
 17994 | Lair:1   | Reached skill level 5 in Earth Magic
 18274 | Lair:1   | Noticed an eight-headed hydra
 18285 | Lair:1   | Killed an eight-headed hydra
 18369 | Lair:1   | Identified the +5 kite shield of Mysticism {rF+ rC+ Str-2
                  | Int+2} (You found it in a Gauntlet)
 18492 | Lair:1   | Noticed a catoblepas
 18492 | Lair:1   | Noticed a dire elephant
 18512 | Lair:1   | Found a runed translucent door.
 18786 | Lair:1   | Reached skill level 1 in Shields
 19018 | Lair:1   | Reached XP level 12. HP: 77/77 MP: 17/28
 19088 | Lair:1   | Noticed a six-headed hydra
 19097 | Lair:1   | Reached *** piety under Sif Muna
 19120 | Lair:1   | Killed a six-headed hydra
 20411 | Lair:2   | Reached skill level 5 in Shields
 21542 | Lair:3   | You fall into a shaft and drop 3 floors!
 21542 | Lair:6   | Entered Level 6 of the Lair of Beasts
 21543 | Lair:6   | Noticed Nessos
 21557 | Lair:6   | Killed Nessos
 21571 | Lair:6   | Identified Plog's Grimoire of Unstable Aid
 21613 | Lair:5   | Noticed a six-headed hydra
 21619 | Lair:5   | Killed a six-headed hydra
 21663 | Lair:5   | Noticed a five-headed hydra
 21667 | Lair:5   | Killed a five-headed hydra
 21925 | Lair:5   | Reached XP level 13. HP: 85/85 MP: 3/29
 22387 | Lair:5   | Reached **** piety under Sif Muna
 23130 | Lair:3   | Found a staircase to the Snake Pit.
 23451 | Lair:3   | Found a staircase to the Shoals.
 24279 | Lair:5   | Got a translucent helmet
 24301 | Lair:5   | Identified the +2 helmet of Woigateg {MR+ Str+4 Dex+2} (You
                  | found it on level 5 of the Lair of Beasts)
 25048 | Lair:6   | Found a viscous altar of Jiyva.
 25200 | Lair:6   | Noticed a dire elephant
 26255 | Lair:5   | Reached skill level 11 in Spellcasting
 27046 | Lair:6   | Killed a dire elephant
 27886 | Lair:6   | Reached XP level 14. HP: 92/92 MP: 13/31
 28001 | Lair:6   | Found a staircase to the Slime Pits.
 28296 | Lair:6   | Identified Hikerofu's Tome of Ashen Orientation
 28815 | D:10     | Killed Gastronok
 29286 | Orc:1    | Entered Level 1 of the Orcish Mines
 29286 | Orc:1    | Noticed Erica
 29292 | Orc:1    | Killed Erica
 29292 | Orc:1    | Reached skill level 10 in Fire Magic
 29604 | Orc:2    | Entered Level 2 of the Orcish Mines
 29719 | Orc:2    | Reached skill level 12 in Spellcasting
 29730 | Orc:2    | Reached skill level 10 in Conjurations
 29805 | Orc:1    | Learned a level 5 spell: Bolt of Magma
 29812 | Orc:1    | Learned a level 6 spell: Iron Shot
 29965 | Orc:2    | Found a staircase to the Elven Halls.
 30307 | Orc:2    | Noticed Rupert
 30312 | Orc:2    | Killed Rupert
 30312 | Orc:2    | Reached skill level 10 in Invocations
 30809 | Orc:1    | Found Oduegialo's Book Boutique.
 30841 | Orc:1    | Found a roughly hewn altar of Beogh.
 30916 | Orc:1    | Found a runed translucent gate.
 31098 | Orc:1    | Found a runed translucent gate.
 31099 | Orc:1    | Found a runed translucent gate.
 31109 | Orc:1    | Noticed Howlingfantods's ghost (journeyman MiFi)
 31671 | Orc:2    | Reached skill level 13 in Spellcasting
 32489 | Orc:2    | Found Teixaeb's General Store.
 32489 | Orc:2    | Found Qiremia's Jewellery Shop.
 32523 | Orc:2    | Found Sifuut's Food Emporium.
 32523 | Orc:2    | Found Otuv's Magic Scroll Emporium.
 32568 | Orc:2    | Bought a scroll of identify for 26 gold pieces
 32568 | Orc:2    | Bought a scroll of identify for 26 gold pieces
 32705 | Orc:2    | Bought a scroll of silence for 97 gold pieces
 32705 | Orc:2    | Bought a scroll of summoning for 123 gold pieces
 32705 | Orc:2    | Bought a scroll of blinking for 97 gold pieces
 32705 | Orc:2    | Bought a scroll of blinking for 97 gold pieces
 32705 | Orc:2    | Bought a scroll of blinking for 97 gold pieces
 32722 | Orc:2    | Bought an uncursed ring of see invisible for 210 gold
                  | pieces
 32811 | Orc:1    | Bought a book of Minor Magic for 260 gold pieces
 32814 | Orc:1    | Learned a level 2 spell: Blink
 32922 | D:12     | Found Uloifink's Assorted Antiques.
 32934 | D:12     | Reached skill level 1 in Translocations
 32936 | D:12     | Bought a scroll of identify for 66 gold pieces
 32936 | D:12     | Bought a scroll of identify for 66 gold pieces
 33547 | D:12     | Noticed Josephine
 33833 | D:12     | Found Riudoph's Gadget Shoppe.
 33841 | D:12     | Killed Josephine
 33869 | D:12     | Reached ***** piety under Sif Muna
 34084 | D:12     | Identified Sif Muna's Tome of Enchanting Cold (Sif Muna
                  | gifted it to you on level 12 of the Dungeon)
 34084 | D:12     | Received a gift from Sif Muna
 34151 | D:12     | Found Saperem's General Store.
 34159 | D:12     | Noticed Jorgrun
 34182 | D:12     | Killed Jorgrun
 34232 | D:12     | Bought a scroll of identify for 26 gold pieces
 34232 | D:12     | Bought a scroll of identify for 26 gold pieces
 34232 | D:12     | Bought a potion of heal wounds for 65 gold pieces
 34339 | D:12     | Found Wujylu Ebra's General Store.
 34349 | D:12     | Bought a scroll of identify for 26 gold pieces
 34349 | D:12     | Bought a scroll of identify for 26 gold pieces
 34352 | D:12     | Found Ovvawuby's Gadget Shop.
 34546 | D:12     | Identified Sif Muna's Tome of Mutagenic Feathers
 34633 | D:13     | Found a frozen archway.
 34670 | IceCv    | Entered an ice cave
 36329 | D:13     | Reached XP level 15. HP: 96/96 MP: 30/34
 36452 | D:13     | Reached skill level 10 in Dodging
 36654 | D:13     | Got a bone flail
 37519 | D:13     | Identified Asmodeus's Volume of Scorching Confrontation
                  | (Sif Muna gifted it to you on level 13 of the Dungeon)
 37519 | D:13     | Received a gift from Sif Muna
 37676 | D:13     | Found a gate to the Vaults.
 38105 | D:14     | Reached skill level 10 in Shields
 38223 | D:14     | Got a spiked chain mail
 39007 | D:14     | Got a heavily runed ring mail
 39365 | D:14     | Identified the +11 flail of Extinguishment {antimagic,
                  | +Blink rF+ rN++} (You found it on level 13 of the Dungeon)
 39668 | D:15     | Entered Level 15 of the Dungeon
 39954 | D:15     | Noticed a fire giant
 39965 | D:14     | Killed a fire giant
 40518 | D:15     | Found a portal to a secret trove of treasure.
 40613 | D:15     | Found a staircase to the Depths.
 41035 | D:15     | Got an ancient leather armour
 41287 | Elf:1    | Entered Level 1 of the Elven Halls
 41583 | Elf:1    | Noticed Asterion
 41591 | Elf:1    | Killed Asterion
 41606 | Elf:1    | Reached skill level 14 in Spellcasting
 41727 | Elf:1    | Noticed Kirke
 41733 | Elf:1    | Killed Kirke
 41733 | Elf:1    | Identified Sif Muna's Disquisition on Battle Magic and the
                  | Mountains (Sif Muna gifted it to you on level 1 of the
                  | Elven Halls)
 41733 | Elf:1    | Received a gift from Sif Muna
 41972 | Elf:1    | Reached XP level 16. HP: 101/101 MP: 2/36
 42707 | Elf:1    | Reached skill level 10 in Earth Magic
 42995 | D:12     | Bought a book of Enchantments for 650 gold pieces
 43002 | D:12     | Learned a level 6 spell: Deflect Missiles
 43154 | Elf:1    | Reached skill level 1 in Charms
 43155 | Elf:1    | Reached skill level 15 in Spellcasting
 43155 | Elf:1    | Reached skill level 1 in Air Magic
 43433 | Elf:1    | You fall into a shaft and drop 1 floor!
 43452 | Elf:2    | Found a large runed translucent door.
 43453 | Elf:2    | Found a large runed translucent door.
 44633 | Elf:2    | Reached skill level 5 in Charms
 44812 | Elf:2    | Reached skill level 5 in Air Magic
 45195 | Elf:2    | Found a large runed translucent door.
 45195 | Elf:2    | Found a large runed translucent door.
 45429 | Elf:3    | Entered Level 3 of the Elven Halls
 45727 | Elf:3    | Found Kolal's Gadget Shoppe.
 45727 | Elf:3    | Found Diyploam's Jewellery Boutique.
 45728 | Elf:3    | Found Ofeuts's Gadget Shoppe.
 46370 | Elf:3    | Reached skill level 16 in Spellcasting
 46398 | Elf:3    | Noticed a deep elf blademaster
 46400 | Elf:3    | Killed a deep elf blademaster
 46728 | Elf:3    | Noticed a deep elf blademaster
 46731 | Elf:3    | Killed a deep elf blademaster
 46731 | Elf:3    | Reached XP level 17. HP: 106/106 MP: 28/39
 46762 | Elf:3    | Identified Sif Muna's Incunabulum of the Rocks and the
                  | Snowflakes (Sif Muna gifted it to you on level 3 of the
                  | Elven Halls)
 46762 | Elf:3    | Received a gift from Sif Muna
 46851 | Elf:3    | Noticed a deep elf master archer
 46854 | Elf:3    | Noticed a deep elf master archer
 46856 | Elf:3    | Killed a deep elf master archer
 46952 | Elf:3    | Noticed a deep elf blademaster
 46960 | Elf:2    | Killed a deep elf blademaster
 47087 | Elf:3    | Killed a deep elf master archer
 47184 | Elf:3    | Identified the +3 kite shield of Fedhas's Favour {Str+4
                  | Dex+4}
 47269 | Elf:3    | Reached skill level 17 in Spellcasting
 47513 | Elf:3    | Noticed a deep elf blademaster
 47516 | Elf:3    | Killed a deep elf blademaster
 47615 | Elf:3    | Identified the +3 trident of Sharkskin {elec, rElec Str+2}
 47669 | Elf:3    | Identified the cursed +1 short sword "Stringbean" {venom,
                  | Dex+5}
 47733 | Elf:3    | Identified the +6 quarterstaff of Gufuq {chaos, Dex+5}
 47831 | Elf:3    | Identified a scroll of acquirement
 48059 | Elf:3    | Found the +3 hat of Pondering {ponderous, MR+ MP+10 Int+5}
 48229 | Elf:3    | Got a shimmering chain mail
 48473 | Elf:3    | Bought the ring of Robustness {AC+8} for 1664 gold pieces
 48473 | Elf:3    | Found the ring of Robustness {AC+8}
 48709 | Lair:3   | Identified the Volume of Entrancing Illusion (You acquired
                  | it on level 3 of the Lair of Beasts)
 48832 | D:12     | Bought a potion of heal wounds for 165 gold pieces
 48887 | D:12     | Bought a wand of acid (9) for 364 gold pieces
 49028 | Shoals:1 | Entered Level 1 of the Shoals
 49871 | Shoals:1 | Reached skill level 18 in Spellcasting
 50159 | Shoals:1 | Learned a level 1 spell: Summon Butterflies
 50709 | Shoals:2 | Received a gift from Sif Muna
 50767 | Shoals:2 | Noticed Ilsuiw
 50794 | Shoals:2 | Killed Ilsuiw
 51495 | Shoals:3 | Got a crystal falchion
 51558 | Shoals:3 | Identified the +11 falchion of Idghaf {speed, +Inv MR+}
                  | (You found it on level 3 of the Shoals)
 51568 | Shoals:3 | Noticed Polyphemus
 51583 | Shoals:3 | Reached XP level 18. HP: 113/113 MP: 42/42
 51586 | Shoals:3 | Killed Polyphemus
 51866 | Shoals:3 | Found Nemaothi's Island Escapes.
 52421 | Shoals:4 | Entered Level 4 of the Shoals
 52470 | Shoals:3 | Bought a wand of digging (6) for 220 gold pieces
 52491 | Shoals:3 | Noticed Aizul
 52497 | Shoals:3 | Killed Aizul
 53539 | Shoals:4 | HP: 1/114 [merfolk javelineer/silver javelin (6)]
 54659 | Shoals:4 | Got a barnacled rune of Zot
 54775 | Shoals:4 | Identified the amulet of the Sturgeon {Inacc rPois rN+
                  | Int+4} (You found it on level 4 of the Shoals)
 55018 | Shoals:4 | Found a runed translucent gate.
 55021 | Shoals:4 | Found a runed translucent gate.
 55021 | Shoals:4 | Found an opulent altar of Gozag.
 55022 | Shoals:4 | Found a runed translucent gate.
 55024 | Shoals:4 | Found Beomostra's Assorted Antiques.
 55024 | Shoals:4 | Noticed astraldaughter's ghost (adept TrFi)
 56169 | Shoals:4 | Bought a scroll of identify for 58 gold pieces
 56169 | Shoals:4 | Bought a scroll of identify for 58 gold pieces
 56248 | Shoals:3 | Killed astraldaughter's ghost
 56498 | Shoals:3 | Found Nemaothi's Island Escapes.
 57461 | D:15     | You paid a toll of a +6 demon trident to enter a treasure
                  | trove
 57462 | Trove    | Entered a treasure trove
 57467 | Trove    | Got a shimmering robe
 57469 | Trove    | Got a distressingly furry ring mail
 57471 | Trove    | Got a pair of scorched gloves
 57478 | Trove    | Got a slimy leather armour
 57484 | Trove    | Got a spiked helmet
 57486 | Trove    | Got a pair of pitted boots
 57491 | Trove    | Got a spiked scale mail
 57625 | Trove    | Identified the +0 pair of boots of a ziggurat {-Tele Dex+3
                  | SInv} (You found it in a treasure trove)
 57626 | Trove    | Identified the +1 pair of gloves of the Armadillo {Str+5}
                  | (You found it in a treasure trove)
 57627 | Trove    | Identified the -4 helmet of Gostroogh {rC+ MR+ SInv} (You
                  | found it in a treasure trove)
 58037 | Lair:1   | Got a brightly glowing fustibalus
 58040 | Lair:1   | Identified the +10 fustibalus of Nackotz {vorpal, *Slow
                  | +Inv rC++ MP+9} (You found it on level 1 of the Lair of
                  | Beasts)
 58252 | Orc:1    | Killed Howlingfantods's ghost
 58533 | Snake:1  | Entered Level 1 of the Snake Pit
 58681 | Snake:1  | Found Myogewk's Antique Armour Shop.
 58681 | Snake:1  | Found Kuzap's Jewellery Shop.
 58685 | Snake:1  | Found Kuzanlig's Distillery.
 58688 | Snake:1  | Found Gish's Book Shop.
 58742 | Snake:1  | Bought a potion of heal wounds for 70 gold pieces
 58751 | Snake:1  | Bought a pair of jewelled boots for 323 gold pieces
 58751 | Snake:1  | Identified the +2 pair of boots of Day {Str+5 Slay-2} (You
                  | bought it in a shop on level 1 of the Snake Pit)
 58905 | Snake:1  | Identified Sif Muna's Almanac of Conjuration (Sif Muna
                  | gifted it to you on level 1 of the Snake Pit)
 58905 | Snake:1  | Received a gift from Sif Muna
 59063 | Snake:1  | You fall into a shaft and drop 1 floor!
 60113 | Snake:2  | Found Xeumul's Antique Weapon Boutique.
 60260 | Snake:2  | Found Menkitar's Jewellery Boutique.
 60260 | Snake:2  | Found Suczuno's Book Shop.
 60267 | Snake:2  | Found Uwerholo's Antique Weapon Shop.
 60537 | Snake:2  | Reached XP level 19. HP: 76/121 MP: 2/43
 60863 | Snake:2  | Got a crude leather armour
 60891 | Snake:2  | Found a shimmering altar of Xom.
 60893 | Snake:2  | Identified the +0 leather armour of the Endless Expanse
                  | {Regen+} (You found it on level 2 of the Snake Pit)
 62948 | Snake:1  | Bought an uncursed amulet of faith for 480 gold pieces
 63358 | Snake:4  | Entered Level 4 of the Snake Pit
 63363 | Snake:4  | Identified Sif Muna's Grimoire of the Ashen Volcanoes (Sif
                  | Muna gifted it to you on level 4 of the Snake Pit)
 63363 | Snake:4  | Received a gift from Sif Muna
 63694 | Snake:3  | Learned a level 6 spell: Starburst
 63838 | Snake:4  | Found a basalt altar of Yredelemnul.
 63867 | Snake:4  | Reached skill level 15 in Fighting
 64007 | Snake:4  | Noticed Saint Roka
 64039 | Snake:4  | Killed Saint Roka
 64114 | Snake:4  | Reached skill level 15 in Shields
 64249 | Snake:4  | Learned a level 8 spell: Ignition
 64860 | Snake:4  | Noticed Vashnia
 64875 | Snake:4  | Killed Vashnia
 65353 | Snake:4  | Identified Sif Muna's Volume of Spatial Attacks (Sif Muna
                  | gifted it to you on level 4 of the Snake Pit)
 65353 | Snake:4  | Received a gift from Sif Muna
 66530 | Snake:4  | Reached XP level 20. HP: 129/129 MP: 44/44
 66817 | Snake:4  | Got a serpentine rune of Zot
 67426 | Vaults:1 | Entered Level 1 of the Vaults
 67571 | Vaults:1 | Reached skill level 19 in Spellcasting
 67749 | Vaults:1 | Identified Sif Muna's Handbook of Companions (Sif Muna
                  | gifted it to you on level 1 of the Vaults)
 67749 | Vaults:1 | Received a gift from Sif Muna
 68415 | Vaults:1 | Found Wipioj's General Store.
 68418 | Vaults:1 | Bought 2 potions of heal wounds for 130 gold pieces
 69436 | Vaults:2 | Found Seredemo's Food Boutique.
 69787 | Vaults:2 | Found a ruined gateway.
 69795 | Desolati | Entered the Desolation of Salt
 69929 | Desolati | Identified the +6 arbalest of Regicide {freeze, rElec Int-5
                  | Dex+8 Stlth+}
 69939 | Desolati | Identified Sif Muna's Guide on Mutagenic Confrontation (Sif
                  | Muna gifted it to you in the Desolation of Salt)
 69939 | Desolati | Received a gift from Sif Muna
 69956 | Desolati | Got a clouded granite ring
 69957 | Desolati | Identified the ring of Reimbursement {rF+ Int+2} (You found
                  | it in the Desolation of Salt)
 70004 | Desolati | Got a distressingly furry chain mail
 70166 | Desolati | Got an ancient helmet
 70169 | Desolati | Got a crude silver amulet
 70170 | Desolati | Identified the amulet of Riset {Reflect rPois rN+ Str-2
                  | SH+3 SInv} (You found it in the Desolation of Salt)
 70171 | Desolati | Identified the -5 helmet of Jyrghuod {rF+} (You found it in
                  | the Desolation of Salt)
 70197 | Desolati | Got a slimy broad axe
 70910 | Desolati | Reached skill level 15 in Fire Magic
 71253 | Desolati | Got a steaming iron amulet
 71258 | Desolati | Reached skill level 20 in Spellcasting
 71321 | Desolati | Got a slimy amber ring
 71339 | Desolati | Identified Edehitiy's Incunabulum of Enchantment and
                  | Creation
 71464 | Desolati | Identified Sif Muna's Papyrus of Stolen Souls (Sif Muna
                  | gifted it to you in the Desolation of Salt)
 71464 | Desolati | Received a gift from Sif Muna
 72699 | Vaults:2 | Reached XP level 21. HP: 134/134 MP: 37/47
 72831 | Vaults:2 | Identified the amulet of Ephemeral Luck {RegenMP rF+ Str-5
                  | Dex+2} (You found it in the Desolation of Salt)
 73099 | Vaults:3 | Identified Sif Muna's Grimoire of Protection (Sif Muna
                  | gifted it to you on level 3 of the Vaults)
 73099 | Vaults:3 | Received a gift from Sif Muna
 73582 | Vaults:3 | Found a blossoming altar of Fedhas.
 73633 | Vaults:3 | Identified the ring "Utijon" {+Blink rF+++ rN+ Str+5 Dex-3}
                  | (You found it in the Desolation of Salt)
 74366 | Vaults:3 | Received a gift from Sif Muna
 74520 | Vaults:3 | Found a staircase to the Crypt.
 74779 | Vaults:3 | Noticed Jory
 74791 | Vaults:3 | Killed Jory
 74791 | Vaults:3 | Reached skill level 21 in Spellcasting
 75905 | Vaults:3 | Learned a level 9 spell: Fire Storm
 75925 | Vaults:4 | Received a gift from Sif Muna
 76399 | Vaults:4 | Reached XP level 22. HP: 140/140 MP: 15/49
 78105 | Crypt:1  | Entered Level 1 of the Crypt
 78165 | Vaults:3 | Learned a level 5 spell: Lee's Rapid Deconstruction
 78324 | Crypt:1  | Reached skill level 22 in Spellcasting
 78780 | Crypt:1  | Received a gift from Sif Muna
 79035 | Crypt:1  | Identified the +5 broad axe of Duishue {vorpal, Dex+4} (You
                  | found it in the Desolation of Salt)
 79630 | Crypt:1  | Reached skill level 15 in Conjurations
 80892 | Crypt:2  | Noticed Mara
 80895 | Crypt:2  | Killed Mara
 81021 | Crypt:2  | Identified Quezuyp's Volume of Cloudy Changing (Sif Muna
                  | gifted it to you on level 2 of the Crypt)
 81021 | Crypt:2  | Received a gift from Sif Muna
 81021 | Crypt:2  | Reached skill level 23 in Spellcasting
 81222 | Crypt:2  | Noticed Donald
 81225 | Crypt:2  | Killed Donald
 81981 | Crypt:2  | Found a basalt altar of Yredelemnul.
 82193 | Crypt:3  | Entered Level 3 of the Crypt
 83121 | Crypt:3  | Identified Nochon's Reference Book on Cloudy Summoning (Sif
                  | Muna gifted it to you on level 3 of the Crypt)
 83121 | Crypt:3  | Received a gift from Sif Muna
 83224 | Crypt:3  | Found an ancient bone altar of Kikubaaqudgha.
 83229 | Crypt:3  | Reached XP level 23. HP: 144/144 MP: 51/52
 83844 | Crypt:3  | Reached skill level 24 in Spellcasting
 84210 | Crypt:3  | Received a gift from Sif Muna
 84240 | Crypt:3  | Noticed an ancient lich
 84248 | Crypt:3  | Killed an ancient lich
 84253 | Crypt:3  | Found a staircase to the Tomb.
 84689 | Crypt:3  | Got a slimy war axe
 84690 | Crypt:3  | Identified the cursed +2 war axe of Eternal War {speed, rN+
                  | MR+ Dex-5} (You found it on level 3 of the Crypt)
 85224 | Slime:1  | Entered Level 1 of the Pits of Slime
 85515 | Slime:2  | Identified Icyl Ung's Reference Book on Cold and Flight
                  | (Sif Muna gifted it to you on level 2 of the Pits of Slime)
 85515 | Slime:2  | Received a gift from Sif Muna
 86391 | Slime:5  | Entered Level 5 of the Pits of Slime
 86545 | Slime:5  | Noticed the Royal Jelly
 86548 | Slime:5  | Killed the Royal Jelly
 86548 | Slime:5  | Reached skill level 25 in Spellcasting
 86784 | Slime:5  | Reached XP level 24. HP: 150/150 MP: 30/54
 87179 | Slime:5  | Identified the Reference Book on Supportive Hexes
 87247 | Slime:5  | Got a faintly glowing quarterstaff
 87266 | Slime:5  | Got a slimy rune of Zot
 87681 | Depths:1 | Entered Level 1 of the Depths
 87684 | Depths:1 | Identified Sif Muna's Reference Book on Creative
                  | Bewitchment (Sif Muna gifted it to you on level 1 of the
                  | Depths)
 87684 | Depths:1 | Received a gift from Sif Muna
 88026 | Depths:1 | Reached skill level 15 in Invocations
 88969 | Depths:1 | Found a gateway to Hell.
 88990 | Depths:1 | Identified Gexy's Disquisition on Igneous Summoning (Sif
                  | Muna gifted it to you on level 1 of the Depths)
 88990 | Depths:1 | Received a gift from Sif Muna
 88993 | Depths:1 | Reached skill level 26 in Spellcasting
 90338 | Depths:2 | Found a shattered altar of Ashenzari.
 90339 | Depths:2 | Reached ****** piety under Sif Muna
 90339 | Depths:2 | Received a gift from Sif Muna
 90774 | Depths:2 | Found a transporter.
 90863 | Depths:2 | Noticed a juggernaut
 91387 | Depths:2 | Found a one-way gate to the infinite horrors of the Abyss.
 91574 | Depths:2 | Found a transporter.
 92608 | Depths:3 | Reached skill level 27 in Spellcasting
 92744 | Depths:3 | Identified Hot Etoc's Almanac of the Escort (Sif Muna
                  | gifted it to you on level 3 of the Depths)
 92744 | Depths:3 | Received a gift from Sif Muna
 92817 | Depths:3 | Learned a level 8 spell: Lehudib's Crystal Spear
 92886 | Depths:3 | Found a runed translucent door.
 92886 | Depths:3 | Noticed an ancient lich
 92889 | Depths:3 | Found the +8 glaive of the Guard {elec, +Rage AC+5 SInv}
 92889 | Depths:3 | Found the amulet of the Air {Inacc +Fly rElec EV+5 RMsl}
 92904 | Depths:3 | Killed an ancient lich
 92904 | Depths:3 | Reached XP level 25. HP: 57/155 MP: 44/56
 93669 | Depths:3 | Found a one-way gate leading to the halls of Pandemonium.
 93838 | Depths:4 | Found a flickering gateway to a bazaar.
 93854 | Bazaar   | Entered a bazaar
 93955 | Bazaar   | Found Adwil's Gadget Shop.
 93968 | Bazaar   | Found Qinudap's Magic Scroll Boutique.
 93968 | Bazaar   | Found Komeheif's Book Shop.
 93993 | Bazaar   | Found Wethos's Armour Boutique.
 94030 | Bazaar   | Bought 3 scrolls of teleportation for 135 gold pieces
 94030 | Bazaar   | Bought a scroll of enchant armour for 112 gold pieces
 94030 | Bazaar   | Bought a scroll of fog for 30 gold pieces
 94030 | Bazaar   | Bought a scroll of fear for 52 gold pieces
 94030 | Bazaar   | Bought a scroll of identify for 30 gold pieces
 94030 | Bazaar   | Bought a scroll of teleportation for 45 gold pieces
 94042 | Bazaar   | Bought a wand of acid (7) for 242 gold pieces
 94042 | Bazaar   | Bought a box of beasts for 220 gold pieces
 94325 | Depths:4 | Noticed an ancient lich
 94334 | Depths:4 | Killed an ancient lich
 94711 | Depths:4 | Received a gift from Sif Muna
 95569 | Depths:4 | Found a gateway to a ziggurat.
 95995 | Depths:4 | Found a sparkling altar of Nemelex Xobeh.
 96415 | Depths:4 | Identified Muawnu's Almanac of the Frostbite and the Oath
                  | (Sif Muna gifted it to you on level 4 of the Depths)
 96415 | Depths:4 | Received a gift from Sif Muna
 96590 | Depths:4 | Noticed a juggernaut
 96594 | Depths:4 | Killed a juggernaut
 96998 | Depths:5 | Entered Level 5 of the Depths
 97005 | Depths:5 | Noticed Sojobo
 97175 | Depths:4 | Reached XP level 26. HP: 88/160 MP: 28/56
 97670 | Depths:4 | Learned a level 8 spell: Controlled Blink
 98161 | Depths:5 | Killed Sojobo
 98161 | Depths:5 | Reached skill level 5 in Translocations
 98475 | Depths:5 | Found a gate to the Realm of Zot.
 99514 | Zig:1    | Entered Level 1 of a ziggurat
 99606 | Zig:2    | Entered Level 2 of a ziggurat
 99693 | Zig:3    | Entered Level 3 of a ziggurat
 99799 | Zig:3    | Got a smoking iron ring
 99808 | Zig:3    | Identified the ring "Akitov" {Ice MR+ Int-3 Dex+7 SInv}
                  | (You found it on level 3 of a ziggurat)
 99821 | Zig:4    | Entered Level 4 of a ziggurat
 99925 | Zig:5    | Entered Level 5 of a ziggurat
 99929 | Zig:5    | Found the +4 dagger "Morg" {pain, MR+ Int+5}
 99980 | Zig:5    | Got a smoking leather armour
 99996 | Zig:6    | Entered Level 6 of a ziggurat
100001 | Zig:6    | Noticed Gauxaxt the pandemonium lord
100007 | Zig:6    | Killed Gauxaxt the pandemonium lord
100165 | Zig:6    | Got a brightly glowing golden ring
100167 | Zig:6    | Got a crude scale mail
100176 | Zig:6    | Identified the ring "Luimugo" {*Tele Dex+4} (You found it
                  | on level 6 of a ziggurat)
100180 | Zig:7    | Entered Level 7 of a ziggurat
100308 | Zig:7    | Got a steaming quarterstaff
100330 | Zig:8    | Entered Level 8 of a ziggurat
100338 | Zig:8    | Reached skill level 10 in Translocations
100531 | Zig:8    | Got a flickering jade amulet
100532 | Zig:8    | Identified the amulet of the Catfish {Harm *Drain +Inv MR-
                  | Str+2 Dex+4} (You found it on level 8 of a ziggurat)
100541 | Zig:8    | Got a crude platinum ring
100542 | Zig:8    | Identified the cursed ring "Yluaf" {rF- rN+ AC-3 SInv
                  | Stlth+} (You found it on level 8 of a ziggurat)
100546 | Zig:8    | Got a bound steel ring
100547 | Zig:8    | Identified the ring "Uriosidd" {*Tele Str+4 Slay+2} (You
                  | found it on level 8 of a ziggurat)
100552 | Zig:9    | Entered Level 9 of a ziggurat
100727 | Zig:10   | Entered Level 10 of a ziggurat
101091 | Zig:10   | Got a vibrating steel ring
101092 | Zig:10   | Identified the ring of Qinoasui {rC- MR+ rCorr Str+3 Dex+3}
                  | (You found it on level 10 of a ziggurat)
101123 | Zig:11   | Entered Level 11 of a ziggurat
101285 | Zig:11   | Got a steaming wooden ring
101286 | Zig:11   | Identified the ring "Ogulois" {Str+6 Int-5 Stlth-} (You
                  | found it on level 11 of a ziggurat)
101295 | Zig:11   | Reached XP level 27. HP: 165/165 MP: 56/56
101331 | Zig:11   | Learned a level 9 spell: Shatter
101334 | Zig:12   | Entered Level 12 of a ziggurat
101465 | Zig:12   | Got a brightly glowing scale mail
101469 | Zig:12   | Identified the Compendium of the Traveller
101488 | Zig:13   | Entered Level 13 of a ziggurat
101633 | Zig:14   | Entered Level 14 of a ziggurat
101761 | Zig:14   | Found the +7 Spriggan's Knife {stab, EV+4 Stlth+}
101772 | Zig:14   | Got a pitted long sword
101801 | Zig:14   | Got a shimmering falchion
101803 | Zig:14   | Identified the Volume of Gliding Creation
101807 | Zig:14   | Reached skill level 15 in Earth Magic
101852 | Zig:15   | Entered Level 15 of a ziggurat
101861 | Zig:15   | Noticed a juggernaut
101864 | Zig:15   | Killed a juggernaut
101866 | Zig:15   | Noticed a juggernaut
101870 | Zig:15   | Killed a juggernaut
101873 | Zig:15   | Noticed a juggernaut
101875 | Zig:15   | Killed a juggernaut
101914 | Zig:15   | Found the +18 shield of the Gong {rElec rN+ MR+ EV-5}
101947 | Zig:15   | Got a dazzling shortbow
101972 | Zig:15   | Got a warped hand crossbow
101975 | Zig:15   | Identified the +6 hand crossbow "Tueho" {flame, rPois rN+
                  | Int+3 Stlth+} (You found it on level 15 of a ziggurat)
101982 | Zig:15   | Got a slimy ring mail
101987 | Zig:15   | Identified the Catalogue of Torrid Poison
102017 | Zig:16   | Entered Level 16 of a ziggurat
102035 | Zig:16   | Reached skill level 5 in Armour
102036 | Zig:16   | Noticed Muihaiwk the pandemonium lord
102041 | Zig:16   | Killed Muihaiwk the pandemonium lord
102195 | Zig:16   | Got a translucent morningstar
102254 | Zig:17   | Entered Level 17 of a ziggurat
102289 | Zig:17   | Noticed an ancient lich
102291 | Zig:17   | Killed an ancient lich
102488 | Zig:17   | Got a steaming falchion
102491 | Zig:17   | Got a vibrating golden ring
102492 | Zig:17   | Identified the ring "Moysajut" {MP+9 Int+8 Dex-3 Stlth-}
                  | (You found it on level 17 of a ziggurat)
102501 | Zig:17   | Reached skill level 10 in Armour
102526 | Zig:17   | Got a shimmering falchion
102582 | Zig:18   | Entered Level 18 of a ziggurat
102603 | Zig:18   | Identified the +0 tower shield "Zyxuhoxa" {rPois Regen+}
102699 | Zig:18   | Found the +2 Maxwell's thermic engine {flame, freeze}
102700 | Zig:18   | Found the amulet of Vitality {Regen+ HP+15}
102700 | Zig:18   | Found the +10 morningstar "Eos" {elec, Halo rElec}
102721 | Zig:18   | Identified the amulet of the Mutiny {Acrobat *Contam Str+6}
                  | (You found it on level 18 of a ziggurat)
102726 | Zig:18   | Identified the ring "Wyfogun" {*Tele *Drain +Fly MR+
                  | Slay+5} (You found it on level 18 of a ziggurat)
102731 | Zig:18   | Identified the ring "Isanoale" {rElec MR+ MP+9 SInv} (You
                  | found it on level 18 of a ziggurat)
102737 | Zig:18   | Got a dazzling flail
102743 | Zig:19   | Entered Level 19 of a ziggurat
102917 | Zig:19   | Identified the Papyrus of the Escort
102921 | Zig:19   | Identified the ring of the Tarantula {Int+3 Dex+3} (You
                  | acquired it on level 19 of a ziggurat)
102926 | Zig:19   | Got a distressingly furry scale mail
102929 | Zig:19   | Got a faintly glowing morningstar
102932 | Zig:19   | Got a translucent glaive
102936 | Zig:19   | Got an encrusted ring mail
102979 | Zig:20   | Entered Level 20 of a ziggurat
103367 | Zig:20   | Got a brightly glowing wooden ring
103368 | Zig:20   | Identified the ring "Myuta" {MP+9 Str+4} (You found it on
                  | level 20 of a ziggurat)
103372 | Zig:20   | Identified the Grimoire of the Compass and Curses
103374 | Zig:20   | Identified The Advanced Guide to Thaumaturgy
103378 | Zig:20   | Got an iridescent rapier
103465 | Zig:21   | Entered Level 21 of a ziggurat
103783 | Zig:21   | Found the cursed +13 scythe of Curses {drain, *Curse}
103789 | Zig:21   | Got distressingly furry steam dragon scales
103791 | Zig:21   | Identified the Papyrus of Bewitchment
103794 | Zig:21   | Got a pair of fine boots
103795 | Zig:21   | Identified the +0 pair of boots of Saako {Str+4 Stlth+}
                  | (You found it on level 21 of a ziggurat)
103845 | Zig:22   | Entered Level 22 of a ziggurat
103876 | Zig:22   | Identified the +6 tower shield of Katuutal {rElec}
103877 | Zig:22   | Reached skill level 15 in Dodging
104113 | Zig:22   | Found the +3 robe of Clouds {+Thunder rCloud rElec}
104124 | Zig:22   | Got a thick robe
104140 | Zig:22   | Got a vibrating glass ring
104141 | Zig:22   | Identified the ring of Iryary {*Tele *Corrode Int+5} (You
                  | found it on level 22 of a ziggurat)
104149 | Zig:22   | Got a bloodstained longbow
104193 | Zig:23   | Entered Level 23 of a ziggurat
104205 | Zig:23   | Noticed an ancient lich
104209 | Zig:23   | Killed an ancient lich
104217 | Zig:23   | Noticed an ancient lich
104220 | Zig:23   | Killed an ancient lich
104221 | Zig:23   | Noticed an ancient lich
104225 | Zig:23   | Killed an ancient lich
104226 | Zig:23   | Noticed an ancient lich
104229 | Zig:23   | Killed an ancient lich
104230 | Zig:23   | Noticed an ancient lich
104238 | Zig:23   | Killed an ancient lich
104359 | Zig:23   | Found the +7 sceptre of Torment {pain, torment}
104368 | Zig:23   | Got a fine short sword
104371 | Zig:23   | Got a fine plate armour
104381 | Zig:23   | Got a pitted marble ring
104382 | Zig:23   | Identified the ring "Josesch" {rElec rCorr} (You found it
                  | on level 23 of a ziggurat)
104387 | Zig:23   | Identified the Handbook of Congealing Boosts
104455 | Zig:24   | Entered Level 24 of a ziggurat
104486 | Zig:24   | Killed from afar by a Tzitzimitl

Levels and vault maps discovered:
D:1:      minmay_arrival_cross, layout_rooms
D:2:      layout_rooms, nicolae_overflow_crystal_walls,
          chequers_ecumenical_altar_twisty, uniq_jessica
D:3:      layout_basic, minmay_misc_feat_square, chequers_big_river,
          uniq_terence, uniq_robin
D:4:      layout_basic, first_ration
D:5:      kennysheep_steamy, layout_cave_pods, marbit_many_paths,
          eino_curves_02, nicolae_ru_sacrificial_ziggurat
D:6:      layout_basic, overflow_temple_1_default, old_standard_altar,
          nemelex_xobeh_ov_fountains_minmay, minmay_temple_entry_stoned_glass,
          minmay_manual_mess, uniq_blork_the_orc
D:7:      kennysheep_spiral_hall, layout_loops_ring,
          lemuel_coloured_pillars_altar, yredelemnul_altar_generic, the_bakery
D:8:      layout_basic, kennysheep_mini_moat, grunt_dithmenos_smoke, uniq_pikel
D:9:      layout_rooms, hiddenorc1_lemuel, hive_lemuel
D:10:     layout_loops_ring, uniq_gastronok
D:11:     layout_basic, lair_entry_dummy, gauntlet_entry_generic, st_stairs_10,
          grunt_ministairs_1, grunt_qazlal_sundering
D:12:     layout_big_octagon, serial_shops, kennysheep_little_box,
          nicolae_shop_competitors_out_of_business,
          nicolae_shop_temple_entry_statues_fountains,
          nicolae_shop_temple_entry_statues_fountains, shop, minivault_4,
          uniq_jorgrun, uniq_josephine
D:13:     layout_roguey, grunt_vaults_entry_tiered, portal_ice_cave_entry_imps,
          ice2_lemuel
D:14:     layout_irregular_city, minivault_16
D:15:     grunt_enter_depths_giant_problem, layout_cave_pools,
          minmay_crystal_water, enter_trove_1, chequers_serial_rivers_micro_b
Temple:   nicolae_temple_figure_eight
Lair:1:   gammafunk_lair_enchanted_lake, layout_gridlike,
          infiniplex_staircase_pool, uniq_maggie
Lair:2:   layout_chaotic_city, serial_bayou_pond_c, lemuel_fruit_fields,
          grunt_megastairs_4
Lair:3:   layout_loops_ring, minmay_shoals_entry_lonely_mermaid,
          minmay_snake_entry_guardpost_small, st_stairs_6,
          grunt_forest_small_clearings
Lair:4:   layout_regular_city
Lair:5:   layout_cave_pods, grunt_megastairs_2
Lair:6:   gammafunk_lair_ancient_temple, layout_long_grid, slime_altar_1,
          lemuel_fruit_fields, lemuel_fruit_tree, uniq_nessos
Shoals:1: layout_shoals
Shoals:2: layout_shoals, uniq_ilsuiw
Shoals:3: layout_shoals, nicolae_island_escapes, uniq_aizul, uniq_polyphemus
Shoals:4: shoals_end_grunt_ice, layout_shoals, ebering_ghost_gozag
Snake:1:  layout_basic, minmay_shop_grid_forest
Snake:2:  layout_onion_interference, basic_altar, minmay_shoptagon
Snake:3:  layout_cave_town
Snake:4:  johnstein_snake_rune_scales, layout_rooms, basic_altar, drop_trap,
          st_stairs_12, statue_in_the_mist_lemuel, grunt_megastairs_3,
          uniq_saint_roka
Slime:1:  layout_caves, cheibrodos_slime_lost_civilization_4
Slime:2:  layout_caves
Slime:3:  layout_caves, cheibrodos_slime_lost_civilization_6
Slime:4:  layout_caves
Slime:5
Orc:1:    layout_caves, gammafunk_ghost_necromancy, serial_shops,
          shop_fountains, mines1_david, uniq_erica
Orc:2:    st_orc_elflike, layout_caves, uniq_rupert
Elf:1:    layout_gridlike, hangedman_elf_disciples, uniq_kirke, uniq_asterion
Elf:2:    layout_geoelf_octagon
Elf:3:    minmay_elf_hall_circle, layout_geoelf_octagon, minmay_shop_grove
Vaults:1: nicolae_vaults_little_squares_3, v_misc_13, nicolae_vaults_network_s,
          nicolae_vaults_little_squares_3, nicolae_vaults_rhombus_5,
          vaults_room_pool, nicolae_vaults_network_quinsquares
          [nicolae_vaults_network_quincunx_subvault,
          nicolae_vaults_network_quincunx_subvault,
          nicolae_vaults_network_quincunx_subvault,
          nicolae_vaults_network_quincunx_subvault], hangedman_vaults_trim,
          layout_vaults_quadrants, serial_shops, nicolae_shop_behind_doors
Vaults:2: grunt_vaults_focal, nicolae_vaults_display_case, vaults_room_hallway,
          v_misc_4, vaults_dpeg_spiral, v_alt_pattern_6, serial_ice_m,
          v_alt_pattern_4, layout_vaults_big_room, serial_shops, shop,
          portal_desolation_entry_garden
Vaults:3: nicolae_vaults_know_your_exits, v_misc_4, hangedman_vaults_locks,
          v_misc_9, blue_anna_dwarven_crypt, hangedman_vaults_unwind,
          ontoclasm_vaults_loading_screen, vaults_dpeg_cross, v_misc_12,
          vaults_mumra_hex, layout_vaults_maze_bifur, basic_altar, uniq_margery,
          uniq_jory
Vaults:4: ontoclasm_vaults_idyll, v_rooms_6, ontoclasm_vaults_misaligned,
          v_rooms_6, hangedman_vaults_trim, v_misc_24, v_rooms_1,
          nicolae_vaults_network_square, ontoclasm_vaults_fault,
          ontoclasm_vaults_eye, st_cells, ontoclasm_vaults_loading_screen,
          layout_vaults_omnicross
Crypt:1:  grunt_deathspiral_small, layout_rooms, st_stairs_13
Crypt:2:  layout_chaotic_city, hangedman_blasphemy, uniq_mara, uniq_donald
Crypt:3:  grunt_crypt_end_deaths_head
Depths:1: layout_forbidden_donut, hell_entry, columned_hall_lemuel,
          nicolae_wwwww, dispersion_dpeg
Depths:2: emtedronai_trogs_sanctum, layout_cave_shapes, ashenzari_altar_1,
          abyss_entry_small_statue_room, pf_vacation_house_of_asmodeus
Depths:3: minmay_gate_of_8, layout_basic, grunt_pan_entry_zigzag, hell_entry,
          chequers_serial_rivers_micro_a, minmay_misc_feat_rugged,
          firewood_loft, infiniplex_staircase_pool_2
Depths:4: minmay_the_grid_4x2 [minmay_the_grid_odd_star, minmay_the_grid_garden,
          minmay_the_grid_large_cup, minmay_the_grid_tri_star,
          minmay_the_grid_aliased_spiral, minmay_the_grid_x,
          minmay_the_grid_artifice, minmay_the_grid_prize_inner_circle],
          layout_cave_shapes, enter_ziggurat_e, serial_shops, bzr_entry_islet,
          hangedman_abyss_or_decor_passed, grunt_hell_entry_demonic_statue,
          abyss_entry, nemelex_diamond_rough_becter
Depths:5: grunt_x_marks_the_spot, layout_basic, hell_entry, abyss_entry,
          grunt_pan_entry_in_and_out, hangedman_decor_peaks_small,
          serial_bayou_shore_a, uniq_sojobo
Zig:24

Skill      XL: |  1  2  3  4  5  6  7  8  9 10 11 12 13 14 15 16 17 18 19 20 21 22 23 24 25 26 27 |
---------------+----------------------------------------------------------------------------------+-----
Conjurations   | 2 3 4 5 6 8 9 10 11 13 16 18 20 21 | 21.0
Fire Magic     | 4 5 6 7 8 9 10 12 15 18 20 21 | 21.0
Spellcasting   | 4 5 7 9 10 11 13 14 16 18 20 21 23 25 27 | 27.0
Fighting       | 9 10 11 12 14 15 19 | 19.3
Armour         | 4 12 | 12.0
Dodging        | 7 9 11 18 | 18.0
Invocations    | 2 7 9 10 14 18 | 18.0
Evocations     | 2 6 |  6.0
Earth Magic    | 5 6 8 10 11 21 | 21.0
Shields        | 2 7 8 9 11 12 13 15 | 15.0
Translocations | 2 13 14 | 14.0
Charms         | 7 |  7.0
Air Magic      | 7 |  7.0
Stealth        | |  2.4

Action                   |  1- 3 |  4- 6 |  7- 9 | 10-12 | 13-15 | 16-18 | 19-21 | 22-24 | 25-27 || total
-------------------------+-------+-------+-------+-------+-------+-------+-------+-------+-------++-------
Melee: Whip              |       |       |    17 |    16 |    17 |       |       |       |       ||    50
 Cast: Foxfire           |    80 |   252 |   202 |    99 |       |       |       |       |       ||   633
       Sticky Flame      |       |     9 |    26 |    53 |    29 |     2 |       |       |       ||   119
       Fireball          |       |       |    23 |   117 |   238 |   235 |     9 |    16 |     2 ||   640
       Stone Arrow       |       |       |       |   126 |   373 |    21 |       |       |       ||   520
       Bolt of Magma     |       |       |       |       |    56 |   223 |   590 |   170 |     6 ||  1045
       Blink             |       |       |       |       |    11 |     7 |     2 |     8 |     1 ||    29
       Iron Shot         |       |       |       |       |     6 |    53 |    59 |    56 |   106 ||   280
       Deflect Missiles  |       |       |       |       |       |     2 |     2 |     2 |     1 ||     7
       Starburst         |       |       |       |       |       |       |    54 |   367 |   120 ||   541
       Ignition          |       |       |       |       |       |       |    13 |    67 |    50 ||   130
       Lee's Rapid Decon |       |       |       |       |       |       |       |     6 |     5 ||    11
       Fire Storm        |       |       |       |       |       |       |       |     3 |   168 ||   171
       Lehudib's Crystal |       |       |       |       |       |       |       |       |    34 ||    34
       Shatter           |       |       |       |       |       |       |       |       |    22 ||    22
       Necromutation     |       |       |       |       |       |       |       |       |     5 ||     5
       Summon Butterflie |       |       |       |       |       |       |       |       |     2 ||     2
Invok: Channel Magic     |       |       |       |     2 |     4 |     5 |    13 |    13 |    48 ||    85
       Divine Exegesis   |       |       |       |       |       |       |       |       |     5 ||     5
Evoke: Wand              |       |       |       |    15 |    25 |    13 |    11 |     1 |     4 ||    69
       Lamp of fire      |       |       |       |       |     1 |       |       |       |       ||     1
       Tin of tremorston |       |       |       |       |       |       |       |     1 |       ||     1
  Use: Scroll            |     3 |     4 |     3 |    12 |    18 |    27 |    11 |     2 |    27 ||   107
       Potion            |       |       |       |     1 |       |     4 |     1 |     1 |    14 ||    21
  Eat: Chunk             |     1 |    15 |    16 |    34 |    44 |    23 |    27 |    11 |    17 ||   188
       Ration            |       |       |     1 |     5 |     7 |    11 |     8 |    13 |    10 ||    55
Armor: Robe              |       |    32 |    25 |    78 |    69 |    33 |    50 |    46 |    41 ||   374
Dodge: Dodged            |     6 |    74 |    53 |   159 |   140 |   115 |   123 |   112 |   104 ||   886
       Deflected         |       |       |       |       |       |    42 |    62 |    29 |    14 ||   147
Block: Kite shield       |       |       |       |    51 |   232 |   194 |   251 |   213 |   123 ||  1064
       Reflection        |       |       |       |       |       |    27 |    15 |       |       ||    42

Table legend:
 A = Non-vault XP
 B = Vault XP
 C = Vault XP percentage of total XP
 D = Non-vault monster count
 E = Vault monster count
 F = Vault count percentage of total count
                 A         B        C        D         E       F
            +---------+---------+-------+---------+---------+-------
      Total | 1362799 |  662081 |  32.7 |    2117 |     887 |  29.5
            +---------+---------+-------+---------+---------+-------
        D:1 |      28 |       0 |   0.0 |      18 |       0 |   0.0
        D:2 |      95 |      79 |  45.4 |      21 |       5 |  19.2
        D:3 |     230 |      33 |  12.5 |      30 |      10 |  25.0
        D:4 |     134 |       0 |   0.0 |      11 |       0 |   0.0
        D:5 |     729 |     400 |  35.4 |      27 |       3 |  10.0
        D:6 |     499 |     886 |  64.0 |      21 |       3 |  12.5
        D:7 |     874 |     507 |  36.7 |      15 |       3 |  16.7
        D:8 |     456 |     777 |  63.0 |       8 |       3 |  27.3
        D:9 |    1326 |     119 |   8.2 |      13 |      15 |  53.6
       D:10 |    3067 |    2655 |  46.4 |      37 |       3 |   7.5
       D:11 |    1762 |    1954 |  52.6 |      15 |       7 |  31.8
       D:12 |    3958 |    4561 |  53.5 |      25 |       5 |  16.7
       D:13 |    5835 |   10923 |  65.2 |      42 |      48 |  53.3
       D:14 |   12977 |    1882 |  12.7 |      41 |       1 |   2.4
       D:15 |    8987 |       0 |   0.0 |      25 |       0 |   0.0
     Lair:1 |    5228 |    3682 |  41.3 |      18 |       7 |  28.0
     Lair:2 |    3572 |     492 |  12.1 |      15 |       2 |  11.8
     Lair:3 |    3819 |    1438 |  27.4 |      13 |       5 |  27.8
     Lair:4 |    1886 |       0 |   0.0 |       8 |       0 |   0.0
     Lair:5 |   11850 |    2520 |  17.5 |      34 |       5 |  12.8
     Lair:6 |    4820 |   11733 |  70.9 |      17 |      26 |  60.5
   Shoals:1 |   13284 |       0 |   0.0 |      24 |       0 |   0.0
   Shoals:2 |   16312 |    3155 |  16.2 |      31 |       4 |  11.4
   Shoals:3 |    8839 |    9474 |  51.7 |      17 |       6 |  26.1
   Shoals:4 |    7586 |   30692 |  80.2 |      14 |      45 |  76.3
    Snake:1 |    8449 |       0 |   0.0 |      18 |       0 |   0.0
    Snake:2 |   21956 |       0 |   0.0 |      41 |       0 |   0.0
    Snake:3 |   30455 |       0 |   0.0 |      57 |       0 |   0.0
    Snake:4 |   22950 |   53605 |  70.0 |      37 |      86 |  69.9
    Slime:1 |   17422 |       0 |   0.0 |      30 |       0 |   0.0
    Slime:2 |    9012 |       0 |   0.0 |       6 |       0 |   0.0
    Slime:3 |    4236 |       0 |   0.0 |      15 |       0 |   0.0
    Slime:4 |    6959 |       0 |   0.0 |       8 |       0 |   0.0
    Slime:5 |   22448 |   28062 |  55.6 |      29 |      12 |  29.3
      Orc:1 |    2486 |    2449 |  49.6 |      21 |       8 |  27.6
      Orc:2 |    1744 |   11246 |  86.6 |      20 |      26 |  56.5
      Elf:1 |   25364 |   10981 |  30.2 |      41 |      13 |  24.1
      Elf:2 |   17833 |    6406 |  26.4 |      29 |       5 |  14.7
      Elf:3 |    8496 |   47883 |  84.9 |      14 |      32 |  69.6
   Vaults:1 |   20895 |    2925 |  12.3 |      39 |       4 |   9.3
   Vaults:2 |   28380 |    5670 |  16.7 |      40 |      12 |  23.1
   Vaults:3 |   25582 |   48788 |  65.6 |      48 |      56 |  53.8
   Vaults:4 |   29356 |   39123 |  57.1 |      62 |      43 |  41.0
    Crypt:1 |   14458 |   39882 |  73.4 |      28 |      39 |  58.2
    Crypt:2 |   20714 |   16020 |  43.6 |      29 |      11 |  27.5
    Crypt:3 |       0 |   82508 | 100.0 |       0 |     129 | 100.0
   Depths:1 |   59848 |    4898 |   7.6 |      87 |       4 |   4.4
   Depths:2 |   45926 |       0 |   0.0 |      71 |       0 |   0.0
   Depths:3 |   28102 |   22169 |  44.1 |      36 |      20 |  35.7
   Depths:4 |   65362 |   65021 |  49.9 |      54 |      56 |  50.9
   Depths:5 |   51167 |   32047 |  38.5 |      54 |      16 |  22.9
      Zig:1 |    2102 |       0 |   0.0 |       1 |       0 |   0.0
      Zig:2 |    5852 |       0 |   0.0 |       2 |       0 |   0.0
      Zig:3 |    2884 |       0 |   0.0 |       5 |       0 |   0.0
      Zig:4 |    2911 |       0 |   0.0 |      11 |       0 |   0.0
      Zig:5 |    2982 |       0 |   0.0 |       7 |       0 |   0.0
      Zig:6 |   14043 |       0 |   0.0 |       6 |       0 |   0.0
      Zig:7 |    7511 |       0 |   0.0 |      13 |       0 |   0.0
      Zig:8 |   10559 |       0 |   0.0 |      12 |       0 |   0.0
      Zig:9 |   12131 |       0 |   0.0 |      16 |       0 |   0.0
     Zig:10 |   10324 |       0 |   0.0 |      18 |       0 |   0.0
     Zig:11 |   16736 |       0 |   0.0 |      22 |       0 |   0.0
     Zig:12 |   11085 |       0 |   0.0 |      22 |       0 |   0.0
     Zig:13 |   13940 |       0 |   0.0 |      25 |       0 |   0.0
     Zig:14 |   30689 |       0 |   0.0 |      25 |       0 |   0.0
     Zig:15 |   40949 |       0 |   0.0 |      43 |       0 |   0.0
     Zig:16 |   41784 |       0 |   0.0 |      32 |       0 |   0.0
     Zig:17 |   33429 |    2179 |   6.1 |      60 |       4 |   6.2
     Zig:18 |   30976 |       0 |   0.0 |      62 |       0 |   0.0
     Zig:19 |   48155 |       0 |   0.0 |      37 |       0 |   0.0
     Zig:20 |   41284 |       0 |   0.0 |      62 |       0 |   0.0
     Zig:21 |   38041 |       0 |   0.0 |      56 |       0 |   0.0
     Zig:22 |   72845 |       0 |   0.0 |      51 |       0 |   0.0
     Zig:23 |  116523 |       0 |   0.0 |      45 |       0 |   0.0
     Zig:24 |   47311 |     490 |   1.0 |      30 |       1 |   3.2
      IceCv |       0 |    5377 | 100.0 |       0 |      20 | 100.0
 Desolation |       0 |   42374 | 100.0 |       0 |      74 | 100.0
   Gauntlet |       0 |    4016 | 100.0 |       0 |      10 | 100.0
            +---------+---------+-------+---------+---------+-------
